 Dungeon Crawl Stone Soup version 0.15.0-9-g1a96a59 (webtiles) character file.

109155 zercules the Spear-Bearer (level 16, -4/85 HPs)
             Began as a Vine Stalker Berserker on Aug 30, 2014.
             Was the Champion of Trog.
             Slain by a spriggan berserker
             ... wielding a +2 antimagic war axe
              (7 damage)
             ... on Level 4 of the Swamp.
             The game lasted 02:23:13 (26332 turns).

zercules the Spear-Bearer (Vine Stalker Berserker) Turns: 26332, Time: 02:23:13

HP  -4/85        AC 35     Str 22      XL: 16   Next: 51%
MP   0/29        EV  7     Int  7      God: Trog [******]
Gold 3100        SH  7     Dex 19      Spells:  0 memorised, 15 levels left

rFire  . . .     SeeInvis .     B - +10 demon trident "Beetle's Death Toll" {freeze, +Fly rC+ rN+}
rCold  + . .     Clarity  +     b - +4 crystal plate armour
rNeg   + + .     rCorr    .     l - +0 buckler
rPois  .         rRot     +     q - +0 helmet
rElec  .         Spirit   +     S - +1 cloak
SustAb .         Warding  .     k - +2 pair of gloves
rMut   .         Stasis   .     E - +2 pair of boots of the Assassin {Stlth++}
Gourm  .                        U - amulet of clarity
MR     ++...                    Q - ring of positive energy
                                n - ring of magical power

@: very resistant to hostile enchantments, extremely unstealthy
A: fangs 3, regeneration 3, magic shield, antimagic bite, no device heal 3, rot
immunity
a: Burn Spellbooks, Berserk, Trog's Hand, Brothers in Arms, Renounce Religion,
Evoke Flight


You were on level 4 of the Swamp.
You worshipped Trog.
Trog was exalted by your worship.
You were not hungry.

You visited 6 branches of the dungeon, and saw 33 of its levels.
You also visited: Ossuary.

You collected 3550 gold pieces.
You spent 450 gold pieces at shops.


Innate Abilities, Weirdness & Mutations

You have razor-sharp teeth.
You regenerate.
When hurt, damage is shared between your health and your magic reserves.
Your bite disrupts and absorbs the magic of your enemies.
Potions and wands cannot restore your health.
You are immune to rotting.


   Skills:
 - Level 9.8 Fighting
   Level 8.4(12.0) Axes
 - Level 13.5(14.3) Polearms
 + Level 10.0 Armour
 - Level 12.0 Dodging
 - Level 10.4 Stealth
 - Level 8.1 Shields


You had 15 spell levels left.
You didn't know any spells.

Dungeon Overview and Level Annotations

Branches:
Dungeon (15/15)            Temple (1/1) D:6             Orc (4/4) D:12
    Elf (0/3) Orc:4          Lair (8/8) D:9           Swamp (4/5) Lair:3
 Spider (1/5) Lair:6        Slime (0/6) Lair:7       Vaults (0/5) D:14
 Depths (0/5) D:15

Altars:
Cheibriados
Elyvilon
Fedhas
Kikubaaqudgha
Makhleb
Qazlal
Sif Muna
Vehumet
Xom
Zin
The Shining One

Shops:
D:11 %   D:12 *(   Orc:4 !}%((

Annotations:
Lair:1 porpoise's ghost, experienced GrFi

Inventory:

Hand weapons
 B - the +10 demon trident "Beetle's Death Toll" (weapon) {freeze, +Fly rC+ rN+}
   (Trog gifted it to you on level 9 of the Dungeon)

   It has been specially enchanted to freeze those struck by it, causing extra
   injury to most foes and up to double damage against particularly susceptible
   opponents.
   It can also slow down cold-blooded creatures.
   It protects you from cold.
   It protects you from negative energy.
   It lets you fly.
 H - a +3 trident of flaming
   (Trog gifted it to you on level 3 of the Swamp)
 N - a +3 antimagic demon trident
   (Trog gifted it to you on level 7 of the Lair of Beasts)
Missiles
 m - 6 javelins of penetration (quivered)
 t - 4 steel javelins
Armour
 b - a +4 crystal plate armour (worn)
 k - a +2 pair of gloves (worn)
 l - a +0 buckler (worn)
 q - a +0 helmet (worn)
 E - the +2 pair of boots of the Assassin (worn) {Stlth++}
   (You acquired it on level 12 of the Dungeon)

   It makes you much more stealthy.
 S - a +1 cloak (worn)
Magical devices
 d - a wand of invisibility (2)
 f - a wand of frost (3) {unknown}
 r - a wand of fireball (2)
 y - a wand of teleportation (5) {@v4}
 J - a wand of draining (1)
Comestibles
 c - 11 bread rations
 u - 68 fruits
 w - 6 meat rations
Scrolls
 a - a scroll of summoning
 g - 16 scrolls of teleportation {@r4}
 s - a scroll of fog
 v - 2 scrolls of magic mapping
 D - 2 scrolls of recharging
 G - a scroll of enchant weapon
 I - 19 scrolls of remove curse {@r8}
 K - 2 scrolls of fear
Jewellery
 i - an uncursed amulet of resist mutation
 n - a ring of magical power (left hand)
 C - a -2 ring of intelligence
 M - an uncursed ring of protection from magic
 P - an uncursed amulet of warding
 Q - a ring of positive energy (right hand)
 U - an amulet of clarity (around neck)
Potions
 e - 2 potions of resistance
 j - a potion of flight
 o - 3 potions of might
 p - 12 potions of curing {@q1}
 x - 5 potions of magic
 z - a potion of haste {@q3}
 A - 2 potions of lignification {!q}
 F - a potion of cure mutation
 L - 2 potions of cancellation
 V - a potion of restore abilities
 W - 4 potions of brilliance
 X - 2 potions of invisibility
Miscellaneous
 h - an ornate deck of summonings 7~~.7 7. 77.777.7 77~$77 .7 7.~.77.7 7~~.77 7 77.777.7 7~$..7# 7.7 777 77~~...#{ 777

7~~....# .#
7~~....#'##7
77~.D.)....7
7~~@iC.##+#
77~.####
7~.+ 77.#


777 You could see a five-headed hydra (frenzied), a spriggan berserker (berserk)
and a friendly stone giant (berserk).


Message History

You drain its magic.
You kill the spriggan druid!
Trog accepts your kill.
Trog appreciates your killing of a magic user.
A five-headed hydra comes into view.
Things that are here:
a quarterstaff; a robe; a spriggan corpse The spriggan corpse is consumed in a column of flame.
The spriggan druid points at you and mumbles some strange words.
The stone arrow misses you.
A spriggan berserker comes into view. It is wielding a runed war axe.
You puncture the spriggan druid! You freeze the spriggan druid.
The spriggan druid is moderately wounded.
The spriggan berserker mumbles some strange prayers to Trog.
The spriggan berserker goes berserk!
The spriggan druid hits you with a quarterstaff.
Your crystal plate armour prevents you from hitting the spriggan druid.
You bite the spriggan druid!!
The spriggan druid's magic leaks into the air.
You drain its magic.
The spriggan druid is almost dead.
You puncture the spriggan druid! You freeze the spriggan druid.
With its final breath, the spriggan druid offers up its power to the beasts of the wild!
The five-headed hydra seems to grow more fierce.
You kill the spriggan druid!
Trog accepts your kill.
Trog appreciates your killing of a magic user.
Your Armour skill increases to level 10!
You miss the spriggan berserker.
The spriggan berserker hits you with a runed war axe!!
You feel your power leaking away.
You barely miss the spriggan berserker.
The spriggan berserker hits you with an antimagic war axe!
You feel your power leaking away.
You puncture the spriggan berserker! You freeze the spriggan berserker.
The spriggan berserker is lightly wounded.
You miss the spriggan berserker.
The spriggan berserker is lightly wounded.
You block the spriggan berserker's attack.
The five-headed hydra bites you but does no damage. x2
The five-headed hydra closely misses you.
The five-headed hydra bites you.
You block the five-headed hydra's attack.
You hit the spriggan berserker but do no damage.
You bite the spriggan berserker! You drain its power.
You feel invigorated.
The spriggan berserker is moderately wounded.
The spriggan berserker hits you with an antimagic war axe!!
* * * LOW HITPOINT WARNING * * *
You feel your power leaking away.
Use which ability? (? or * to list)
Your stone giant goes berserk!
You feel somewhat more hungry.
The spriggan berserker hits your stone giant with an antimagic war axe!!
The spriggan berserker hits you with an antimagic war axe!!
* * * LOW HITPOINT WARNING * * *
You feel your power leaking away. The five-headed hydra bites you.
* * * LOW HITPOINT WARNING * * *
The five-headed hydra bites you.
* * * LOW HITPOINT WARNING * * *
You block the five-headed hydra's attack.
The five-headed hydra bites you but does no damage.
The five-headed hydra bites you.
* * * LOW HITPOINT WARNING * * *
Read which item? (? for menu, Esc to quit)
Okay, then.
Unknown command.
The spriggan berserker hits your stone giant with an antimagic war axe!
The spriggan berserker hits you with an antimagic war axe!
You die...

Action                   |  1- 3 |  4- 6 |  7- 9 | 10-12 | 13-15 | 16-18 || total
-------------------------+-------+-------+-------+-------+-------+-------++-------
Melee: Hand axe          |    76 |   130 |       |       |       |       ||   206
       War axe           |       |    30 |   331 |    36 |       |       ||   397
       Demon trident     |       |       |       |   658 |  1142 |   316 ||  2116
Throw: Javelin           |       |     3 |     6 |       |       |       ||     9
       Throwing net      |       |       |       |     3 |     1 |     2 ||     6
Invok: Berserk           |     1 |     3 |     4 |     3 |       |       ||    11
       Burn Spellbooks   |       |     1 |     2 |       |     2 |       ||     5
       Brothers in Arms  |       |       |       |     1 |     2 |     2 ||     5
Evoke: Wand              |       |       |       |     1 |    10 |     1 ||    12
  Use: Scroll            |       |       |     9 |    17 |    19 |     3 ||    48
       Potion            |       |       |       |       |     3 |     5 ||     8
 Stab: Sleeping          |     1 |     1 |     1 |    14 |    89 |       ||   106
       Distracted        |       |       |     1 |     4 |     7 |       ||    12
       Held in net/web   |       |       |       |     2 |       |       ||     2
       Invisible         |       |       |       |       |     2 |       ||     2
  Eat: Meat ration       |     1 |       |     2 |     1 |     2 |     2 ||     8
       Chunk             |       |     5 |     9 |     5 |     2 |     2 ||    23
       Pizza             |       |       |     1 |       |     2 |       ||     3
       Fruit             |       |       |       |     5 |     7 |       ||    12
       Beef jerky        |       |       |       |     4 |     7 |       ||    11
       Royal jelly       |       |       |       |       |     2 |       ||     2

Vault maps used:
D:1:      zaba_arrival_water, minmay_misc_feat_iff
D:2:      xom_redecorated, uniq_jessica
D:3:      minmay_misc_feat_tiny, uniq_natasha, uniq_iyjb
D:4:      first_bread, kennysheep_decorative_pillar,
          hangedman_decor_clover_reticule, uniq_edmund
D:5:      kennysheep_generic_room_12, uniq_eustachio
D:6:      corexii_shantytown, minmay_temple_entry_statues_fountains,
          grunt_ministairs_8, minmay_holes
D:8:      nicolae_ossuary_entry_ruins, grunt_ogre_cave
D:9:      erik_lair_orcish_takeover, serial_bayou_pond_c
D:10:     basic_altar, lemuel_flame_loot_1, uniq_erolcha, uniq_harold
D:11:     due_megacathedral, serial_shops, shop_fountains, uniq_nergalle
D:12:     orc_0_dummy, serial_shops, nicolae_shop_overgrown_old_shop,
          minmay_crystal_room, st_stairs_10, nicolae_blasting_shop, uniq_urug,
          uniq_josephine
D:13:     serial_ice, serial_ice_n, serial_ice_g, serial_ice_e, serial_ice_m
D:14:     david_vaults_2, hex_intersection, kennysheep_four_rooms
D:15:     grunt_enter_depths_hoard
Temple:   kilobyte_greek_temple_18
Orc:1:    nicolae_volcano_entry_lava_flow, uniq_maurice, uniq_prince_ribbit1
Orc:3:    nicolae_orc_pool_cavern
Orc:4:    serial_shops, nicolae_shop_statue_plus, st_orc_mages, uniq_snorg,
          uniq_grum
Lair:1:   st_stairs_6, beast_lair_carwin_2
Lair:2:   grunt_megastairs_5
Lair:3:   minmay_swamp_entry_worms
Lair:4:   fungi_pond_lemuel, nicolae_quartered_pool_super, lemuel_fruit_fields
Lair:5:   uniq_maud
Lair:6:   nicolae_spider_entry_orb_guardian, special_room
Lair:7:   minmay_slime_entry_eyes
Lair:8:   minmay_lair_end_enchanted_forest, grunt_forest_large_clearings,
          lemuel_fruit_tree
Swamp:1:  hangedman_swamp_diagram
Swamp:2:  evilmike_swamp_ruin_house_2, swamp_pool3, infiniplex_staircase_pool_2
Swamp:3:  cheibrodos_swamp_tower_of_moss, evilmike_swamp_ruin_house_5,
          swamp_pool5, lightli_tree_ring
Swamp:4:  cheibrodos_swamp_heart_of_darkness, evilmike_swamp_ruin_house_3,
          uniq_mara
Ossuary:  ossuary_zaba_flooded

Notes
Turn   | Place    | Note
--------------------------------------------------------------
     0 | D:1      | zercules, the Vine Stalker Berserker, began the quest for the Orb.
     0 | D:1      | Reached XP level 1. HP: 11/11 MP: 1/1
   139 | D:1      | Reached XP level 2. HP: 16/16 MP: 3/3
   286 | D:1      | Acquired Trog's second power
   573 | D:1      | Reached skill level 2 in Armour
   573 | D:1      | Reached XP level 3. HP: 16/19 MP: 2/4
   635 | D:2      | Reached skill level 3 in Axes
   673 | D:2      | Noticed Jessica
   681 | D:2      | Reached skill level 2 in Dodging
   684 | D:2      | Killed Jessica
   684 | D:2      | Reached skill level 3 in Fighting
   856 | D:2      | Reached XP level 4. HP: 22/24 MP: 5/5
   864 | D:2      | Found a shimmering altar of Xom.
   866 | D:2      | Found a shimmering altar of Xom.
   871 | D:2      | Found a shimmering altar of Xom.
   879 | D:2      | Found a shimmering altar of Xom.
   879 | D:2      | Found a shimmering altar of Xom.
  1475 | D:3      | Noticed Natasha
  1483 | D:3      | HP: 6/36 [Natasha (4)]
  1483 | D:3      | HP: 2/36 [Natasha (2)]
  1485 | D:3      | Killed Natasha
  1602 | D:3      | Reached XP level 5. HP: 28/28 MP: 7/7
  2151 | D:3      | Noticed Natasha
  2157 | D:3      | Killed Natasha
  2191 | D:3      | Noticed Natasha
  2198 | D:3      | Killed Natasha
  2243 | D:3      | Noticed Ijyb
  2252 | D:3      | Killed Ijyb
  2294 | D:4      | Noticed Edmund
  2307 | D:4      | HP: 10/42 [Edmund/flail of draining (2)]
  2308 | D:4      | Killed Edmund
  2308 | D:4      | Reached skill level 3 in Armour
  2308 | D:4      | Gained mutation: You heal very quickly. [vine stalker growth]
  2308 | D:4      | Reached XP level 6. HP: 11/33 MP: 8/8
  2390 | D:4      | Acquired Trog's third power
  2484 | D:4      | Reached skill level 3 in Dodging
  2536 | D:4      | Reached skill level 4 in Axes
  2883 | D:5      | Entered Level 5 of the Dungeon
  2997 | D:5      | Reached XP level 7. HP: 31/37 MP: 9/9
  3001 | D:5      | Reached skill level 5 in Axes
  3268 | D:5      | Reached skill level 6 in Axes
  3605 | D:5      | Gained mutation: You have razor-sharp teeth. [vine stalker growth]
  3605 | D:5      | Reached XP level 8. HP: 42/42 MP: 11/11
  3616 | D:5      | Reached skill level 7 in Axes
  3660 | D:5      | Noticed Eustachio
  3676 | D:5      | Killed Eustachio
  3957 | D:6      | Reached skill level 8 in Axes
  4042 | D:6      | Reached skill level 4 in Fighting
  4433 | D:6      | Got a steaming ring mail
  4444 | D:6      | Identified the +0 ring mail of Patience {Dex+4 Int+5} (You found it on level 6 of the Dungeon)
  4455 | D:6      | Found a staircase to the Ecumenical Temple.
  4497 | Temple   | Entered the Ecumenical Temple
  4957 | D:7      | Reached skill level 5 in Fighting
  5249 | D:7      | Reached XP level 9. HP: 47/47 MP: 12/12
  5253 | D:7      | Reached skill level 6 in Fighting
  5811 | D:8      | Reached skill level 7 in Fighting
  5943 | D:8      | Found a sand-covered staircase.
  5963 | Ossuary  | Entered an ossuary
  5963 | Ossuary  | Noticed oshikia's ghost (experienced DsAs)
  5976 | Ossuary  | Killed oshikia's ghost
  5976 | Ossuary  | Reached skill level 8 in Fighting
  6447 | D:8      | Reached skill level 9 in Fighting
  6681 | D:9      | Reached XP level 10. HP: 54/58 MP: 13/13
  6737 | D:9      | Received a gift from Trog
  6817 | D:9      | Reached skill level 1 in Shields
  6836 | D:9      | Found a staircase to the Lair.
  6842 | D:9      | Reached skill level 2 in Shields
  6850 | D:9      | Received a gift from Trog
  6856 | D:9      | Reached skill level 3 in Shields
  6879 | D:9      | Got a twisted demon trident {god gift}
  6880 | D:9      | Identified the +10 demon trident "Beetle's Death Toll" {freeze, +Fly rC+ rN+} (Trog gifted it to you on level 9 of the Dungeon)
  6911 | D:9      | Reached skill level 1 in Polearms
  6914 | D:9      | Reached skill level 2 in Polearms
  7024 | D:9      | Reached skill level 3 in Polearms
  7315 | D:10     | Entered Level 10 of the Dungeon
  7366 | D:10     | Reached skill level 4 in Polearms
  7402 | D:10     | Found a stormy altar of Qazlal.
  7456 | D:10     | Reached skill level 5 in Polearms
  7468 | D:10     | Reached skill level 6 in Polearms
  7510 | D:10     | Noticed Harold
  7522 | D:10     | Killed Harold
  7522 | D:10     | Reached skill level 7 in Polearms
  7522 | D:10     | Reached XP level 11. HP: 49/63 MP: 15/15
  7916 | D:11     | Found Pseupt's Food Boutique.
  7916 | D:11     | Noticed Nergalle
  7926 | D:11     | Killed Nergalle
  7926 | D:11     | Received a gift from Trog
  7926 | D:11     | Reached skill level 8 in Polearms
  8132 | D:11     | Reached skill level 9 in Polearms
  8672 | D:11     | Found an ancient bone altar of Kikubaaqudgha.
  8698 | D:11     | Found a burning altar of Makhleb.
  8713 | D:11     | Found a shimmering altar of Xom.
  8743 | D:11     | Found a shimmering altar of Xom.
  8762 | D:11     | Reached skill level 10 in Polearms
  8794 | D:11     | Noticed a flayed ghost
  8802 | D:11     | Killed a flayed ghost
  8807 | D:11     | Got a jewelled dagger
  8841 | D:11     | Found a glowing silver altar of Zin.
  8868 | D:11     | Found a glowing golden altar of the Shining One.
  9033 | D:12     | Reached skill level 11 in Polearms
  9033 | D:12     | Gained mutation: You regenerate. [vine stalker growth]
  9033 | D:12     | Reached XP level 12. HP: 56/67 MP: 16/16
  9042 | D:12     | Noticed Josephine
  9048 | D:12     | Noticed Urug
  9059 | D:12     | Killed Josephine
  9069 | D:12     | Killed Urug
  9116 | D:12     | Identified the +8 dagger of the Spider Nest {stab, +Rage} (You found it on level 11 of the Dungeon)
  9180 | D:12     | Identified a scroll of acquirement
  9262 | D:12     | Found Juadoake's Demolitions Depot.
  9335 | D:12     | Found Bof Sko's Antique Weapon Shop.
  9435 | D:12     | Reached skill level 12 in Polearms
  9550 | D:12     | Found a staircase to the Orcish Mines.
  9590 | Orc:1    | Entered Level 1 of the Orcish Mines
  9806 | Orc:2    | Received a gift from Trog
 10153 | Orc:4    | Entered Level 4 of the Orcish Mines
 10153 | Orc:4    | Noticed Grum
 10154 | Orc:4    | Reached skill level 4 in Shields
 10155 | Orc:4    | Found a staircase to the Elven Halls.
 10162 | Orc:4    | Killed Grum
 10253 | Orc:4    | Found Huuhas' Distillery.
 10290 | Orc:4    | Reached skill level 5 in Shields
 10307 | Orc:4    | Received a gift from Trog
 10322 | Orc:4    | Bought 2 potions of invisibility for 187 gold pieces
 10322 | Orc:4    | Bought a potion of resistance for 119 gold pieces
 10322 | Orc:4    | Bought a potion of magic for 93 gold pieces
 10322 | Orc:4    | Bought a potion of restore abilities for 51 gold pieces
 10335 | Orc:4    | Noticed Snorg
 10345 | Orc:4    | Killed Snorg
 10416 | Orc:4    | Reached skill level 6 in Shields
 10652 | Orc:4    | Reached skill level 7 in Shields
 10670 | Orc:4    | Found Irowuzue's Weapon Shop.
 10676 | Orc:4    | Noticed an orc high priest
 10677 | Orc:4    | Found Wypaosm's Antique Weapon Shop.
 10677 | Orc:4    | Found Junyed's Food Boutique.
 10680 | Orc:4    | Paralysed by an orc sorcerer for 3 turns
 10697 | Orc:4    | HP: 10/67 [orc high priest/divine providence (8)]
 10709 | Orc:4    | Killed an orc high priest
 10713 | Orc:4    | Received a gift from Trog
 10731 | Orc:4    | Found Cuwe Rint's Gadget Boutique.
 10765 | Orc:4    | Reached skill level 8 in Shields
 11128 | Orc:3    | Received a gift from Trog
 11251 | Orc:3    | Reached skill level 1 in Stealth
 11381 | Orc:3    | Received a gift from Trog
 11614 | Orc:2    | Reached skill level 2 in Stealth
 11818 | Orc:1    | Noticed Maurice
 11828 | Orc:1    | Reached skill level 3 in Stealth
 11830 | Orc:1    | Killed Maurice
 11830 | Orc:1    | Reached XP level 13. HP: 72/72 MP: 17/17
 11949 | Orc:1    | Reached skill level 4 in Stealth
 11983 | Orc:1    | Noticed Prince Ribbit
 12001 | Orc:1    | Killed Prince Ribbit
 12488 | Lair:1   | Entered Level 1 of the Lair of Beasts
 12498 | Lair:1   | Reached skill level 5 in Stealth
 12523 | Lair:1   | Reached skill level 6 in Stealth
 12604 | Lair:1   | Received a gift from Trog
 12604 | Lair:1   | Reached skill level 7 in Stealth
 12639 | Lair:1   | You fall through a shaft!
 12814 | Lair:2   | Reached skill level 8 in Stealth
 13182 | Lair:3   | Reached skill level 9 in Stealth
 13272 | Lair:3   | Found a staircase to the Swamp.
 13288 | Lair:3   | Received a gift from Trog
 13298 | Lair:3   | Reached skill level 10 in Stealth
 14424 | Lair:5   | Reached skill level 13 in Polearms
 14570 | Lair:5   | Noticed Maud
 14583 | Lair:5   | Killed Maud
 14891 | Lair:5   | Reached XP level 14. HP: 65/76 MP: 13/18
 15270 | Lair:6   | Received a gift from Trog
 15289 | Lair:6   | Reached skill level 4 in Dodging
 15320 | Lair:6   | Reached skill level 5 in Dodging
 15435 | Lair:6   | Reached skill level 6 in Dodging
 15937 | Lair:6   | Reached skill level 7 in Dodging
 16120 | Lair:6   | Found a hole to the Spider Nest.
 16295 | Lair:7   | Received a gift from Trog
 16413 | Lair:7   | Found a staircase to the Slime Pits.
 16760 | Lair:7   | Reached skill level 8 in Dodging
 17593 | Lair:8   | Entered Level 8 of the Lair of Beasts
 17691 | Lair:8   | Reached skill level 9 in Dodging
 17967 | Lair:8   | Received a gift from Trog
 18087 | Lair:8   | Reached skill level 10 in Dodging
 18087 | Lair:8   | Reached XP level 15. HP: 51/80 MP: 16/19
 18405 | Lair:8   | Received a gift from Trog
 19098 | Lair:3   | Reached skill level 11 in Dodging
 19680 | Lair:1   | Received a gift from Trog
 19784 | Lair:1   | Noticed porpoise's ghost (experienced GrFi)
 19890 | D:10     | Noticed Erolcha
 19898 | D:10     | Killed Erolcha
 20981 | D:14     | Reached skill level 12 in Dodging
 21034 | D:14     | You fall through a shaft!
 21034 | D:15     | Entered Level 15 of the Dungeon
 21106 | D:15     | Reached skill level 4 in Armour
 21445 | D:15     | Reached skill level 5 in Armour
 21800 | D:15     | Found a staircase to the Depths.
 21963 | D:14     | Reached skill level 6 in Armour
 21967 | D:14     | Found a gate to the Vaults.
 22198 | D:14     | Received a gift from Trog
 23262 | Spider:1 | Entered Level 1 of the Spider Nest
 23305 | Spider:1 | Reached skill level 7 in Armour
 23315 | Lair:6   | Reached XP level 16. HP: 38/85 MP: 14/20
 23844 | Swamp:1  | Entered Level 1 of the Swamp
 24128 | Swamp:2  | Reached skill level 8 in Armour
 24380 | Swamp:3  | Received a gift from Trog
 24460 | Swamp:3  | Noticed a thorn hunter
 24474 | Swamp:3  | Killed a thorn hunter
 24591 | Swamp:3  | Reached skill level 9 in Armour
 25908 | Swamp:4  | Noticed Mara
 25922 | Swamp:4  | Noticed zercules' illusion
 25928 | Swamp:4  | Killed zercules' illusion
 25937 | Swamp:4  | Noticed zercules' illusion
 25948 | Swamp:4  | HP: 21/85 [poisoned by Mara]
 26325 | Swamp:4  | Reached skill level 10 in Armour
 26331 | Swamp:4  | HP: 11/85 [spriggan berserker/antimagic war axe (28)]
 26331 | Swamp:4  | HP: 2/85 [five-headed hydra[a spriggan druid] (4)]
 26332 | Swamp:4  | Slain by a spriggan berserker

Vanquished Creatures
  A thorn hunter (Swamp:3)
  Maud (Lair:5)
  A player illusion (Swamp:4)
  Snorg (Orc:4)
  Josephine (D:12)
  A fire dragon (D:15)
  12 hydras
  Harold (D:10)
  6 centaur warriors
  An ice dragon (D:15)
  2 shambling mangroves
  2 alligators
  2 tengu warriors (D:15)
  A deep troll earth mage (D:14)
  A shock serpent (shapeshifter) (D:14)
  Urug (D:12)
  Nergalle (D:11)
  Erolcha (D:10)
  A flayed ghost (D:11)
  2 swamp dragons
  An orb spider (Lair:6)
  A wolf spider (Lair:6)
  A lindwurm (Lair:4)
  2 hill giants
  4 griffons
  An orc knight (Orc:4)
  An ugly thing (D:13)
  4 cyclopes
  4 orc sorcerers (Orc:4)
  2 red wasps
  A manticore (D:11)
  6 elephants (Lair:6)
  Maurice (Orc:1)
  An eye of devastation (Lair:7)
  2 gargoyles
  A torpor snail (Lair:4)
  A yaktaur (D:15)
  14 spiny frogs
  6 black mambas
  The ghost of oshikia the Sneak, an experienced DsAs (Ossuary)
  5 fire drakes
  A komodo dragon (shapeshifter) (D:14)
  5 komodo dragons
  A hellwing (Orc:4)
  4 spriggan druids
  A freezing wraith (D:15)
  4 trolls
  A blue devil (Orc:4)
  2 jumping spiders (Spider:1)
  8 polar bears
  A two-headed ogre (D:10)
  4 giant leeches
  2 hydra skeletons (D:14)
  Prince Ribbit (Orc:1)
  11 blink frogs
  7 wandering mushrooms (Lair:4)
  10 slime creatures
  11 ravens
  2 baby alligators (Swamp:4)
  10 redbacks
  5 wyverns
  8 basilisks
  A fire bat (D:11)
  2 hill giant zombies (D:12)
  4 tarantellas
  45 yaks
  16 spriggans
  5 wraiths (D:11)
  2 shadows
  2 steam dragons
  Eustachio (D:5)
  A tarantella (shapeshifter) (D:11)
  Grum (Orc:4)
  A deep elf mage (D:9)
  15 hippogriffs
  A soldier ant (shapeshifter) (D:14)
  3 wargs (D:9)
  18 swamp worms
  Edmund (D:4)
  3 vampire mosquitoes
  A hell hound (Lair:6)
  28 wolves
  2 mottled dragons
  20 water moccasins
  2 ogre skeletons
  8 swamp drakes
  A human skeleton (D:14)
  5 ice beasts
  3 phantoms
  A necrophage (D:11)
  18 orc warriors
  9 yellow wasps
  6 black bears (Lair:8)
  A sky beast (D:14)
  19 crocodiles
  12 porcupines
  A manticore skeleton (D:14)
  9 ogres
  A boring beetle (Lair:5)
  17 centaurs
  18 giant frogs
  A brain worm (Lair:5)
  2 big kobolds
  3 scorpions
  3 killer bees (D:10)
  An eye of draining (Lair:7)
  3 troll skeletons
  2 hippogriff skeletons (D:12)
  A troll zombie (D:8)
  4 wights (D:7)
  12 bog bodies
  2 electric eels
  9 crimson imps
  A yellow wasp zombie (D:6)
  2 elf zombies
  A goliath beetle (D:10)
  4 jellies
  5 iguanas
  4 giant frog zombies
  A quasit (D:14)
  A kobold zombie (D:14)
  3 centaur zombies
  9 hounds
  25 orc priests
  37 orc wizards
  Natasha (thrice) (D:3)
  A shapeshifter simulacrum (D:12)
  3 spectral orcs (D:11)
  12 worker ants
  22 sheep
  A sky beast zombie (Ossuary)
  Ijyb (D:3)
  Jessica (D:2)
  A soldier ant simulacrum (D:13)
  2 ogre zombies
  A big kobold skeleton (D:9)
  3 mummies (Ossuary)
  A worker ant zombie (Ossuary)
  4 gnolls (D:6)
  17 adders
  52 green rats
  5 shadow imps
  3 white imps (D:13)
  A worm (D:3)
  2 goliath beetle zombies (Ossuary)
  3 giant mites
  An ufetubus (D:13)
  An adder skeleton (D:4)
  An iguana zombie (Ossuary)
  4 giant geckos
  An ooze (D:1)
  165 orcs
  5 giant cockroaches
  21 goblins
  21 hobgoblins
  14 jackals
  23 kobolds
  13 quokkas
  A ball python (D:4)
  23 bats
  4 giant newts
  2 giant spores
  A goblin zombie (Ossuary)
  2 hobgoblin zombies (Ossuary)
  A jackal zombie (Ossuary)
  An orc skeleton (D:7)
  2 orc zombies
  2 quokka zombies (Ossuary)
  11 rats
  A rat zombie (Ossuary)
  25 ballistomycetes
  A briar patch (Swamp:3)
  8 fungi
  A plant (Lair:7)
  4 toadstools (Swamp:3)
1138 creatures vanquished.

Vanquished Creatures (collateral kills)
  2 hydras (Lair:8)
  An orc high priest (Orc:4)
  An ice devil (Orc:4)
  A catoblepas (Lair:8)
  An orange demon (Orc:4)
  2 fire drakes (Lair:8)
  2 orc warriors (Orc:4)
  3 wolves (Lair:8)
  A water moccasin (Lair:8)
  3 orc priests (Orc:4)
  3 orc wizards (Orc:4)
  2 adders (Lair:8)
22 creatures vanquished.

Vanquished Creatures (others)
  A stone giant (Swamp:4)
  A wolf (Lair:8)
  2 giant spores
  A bush (Lair:8)
  6 fungi
  9 plants
  3 toadstools (Swamp:3)
23 creatures vanquished.

Grand Total: 1183 creatures vanquished
